 Dungeon Crawl Stone Soup version 0.27.0-1-g7a089689b8 (webtiles) character file.

Game seed: 5289487592870046463

1941657 denis1488 the Minotaur Barricade (level 27, 269/269 HPs)
             Began as a Minotaur Fighter on Aug 11, 2021.
             Was the Champion of Cheibriados.
             Escaped with the Orb
             ... and 3 runes!
             The game lasted 02:27:17 (57285 turns).

denis1488 the Minotaur Barricade (MiFi)            Turns: 57285, Time: 02:27:17

Health: 269/269    AC: 45    Str: 49    XL:     27
Magic:  34/34      EV: 29    Int: 19    God:    Cheibriados [******]
Gold:   7389       SH: 28    Dex: 31    Spells: 30/36 levels left

rFire    + + +     SeeInvis +   e - +9 demon trident (vamp)
rCold    + . .     Faith    .   j - +5 kite shield of the Endless Expanse {rF+ Regen+}
rNeg     + + .     Spirit   .   S - +11 gold dragon scales
rPois    +         Reflect  .   P - +3 crown of Dyrovepreva {rElec Int+2 SInv}
rElec    +         Harm     .   x - +1 cloak {rCorr}
rCorr    +         Rampage  .   z - +1 pair of gloves
Will     +++++                  h - +1 pair of boots "Qoufoed" {Str+3 Int-3 Dex+3}
Stlth    ..........             J - amulet "Tufac" {*Slow Will++ Regen+ Slay+6}
HPRegen  2.54/turn              u - ring "Temnicer" {rN+ Will+ Stlth+}
MPRegen  0.24/turn              y - ring "Paurr" {rF+ rN+}

@: studying 4 skills, very slow
A: horns 2, retaliatory headbutt
0: Orb of Zot
}: 3/15 runes: decaying, silver, gossamer
a: Renounce Religion, Bend Time, Temporal Distortion, Slouch, Step From Time


You escaped.
You worshipped Cheibriados.
Cheibriados was exalted by your worship.
You visited 11 branches of the dungeon, and saw 53 of its levels.
You visited the Abyss 1 time.
You visited 1 bazaar.
You also visited: Trove, Ice Cave and Volcano.

You collected 9996 gold pieces.
You spent 2607 gold pieces at shops.

Inventory:

Hand Weapons
 e - a +9 vampiric demon trident (weapon)
 N - a +5 demon trident of freezing
Missiles
 c - 12 silver javelins
 Z - 4 throwing nets (quivered)
Armour
 h - the +1 pair of boots "Qoufoed" (worn) {Str+3 Int-3 Dex+3}
   (You found it in a treasure trove)

   Str:       It affects your strength (+3).
   Int:       It affects your intelligence (-3).
   Dex:       It affects your dexterity (+3).
 j - the +5 kite shield of the Endless Expanse (worn) {rF+ Regen+}
   (You found it in a treasure trove)

   rF:        It protects you from fire.
   Regen:     It increases your rate of health regeneration.
 x - a +1 cloak of preservation (worn)
 z - a +1 pair of gloves (worn)
 M - the +1 chain mail of Sandy New Discoveries {rElec rPois rC- Stlth+}
   (You found it on level 1 of the Spider Nest)

   rC:        It makes you vulnerable to cold.
   rElec:     It insulates you from electricity.
   rPois:     It protects you from poison.
   Stlth:     It makes you more stealthy.
 P - the +3 crown of Dyrovepreva (worn) {rElec Int+2 SInv}
   (You found it on level 3 of the Elven Halls)

   Int:       It affects your intelligence (+2).
   rElec:     It insulates you from electricity.
   SInv:      It lets you see invisible.
 S - +11 gold dragon scales (worn)
 X - the +11 crystal plate armour of Untruth {-Cast Dex+2 SInv}
   (You found it on level 3 of the Depths)

   Dex:       It affects your dexterity (+2).
   SInv:      It lets you see invisible.
   -Cast:     It prevents spellcasting.
Jewellery
 b - the ring of Rawolyxi {rPois rF+}
   (You took it off a deep elf pyromancer on level 3 of the Elven Halls)

   [ring of poison resistance]

   rF:        It protects you from fire.
   rPois:     It protects you from poison.
 i - a ring of protection from cold
 k - the ring "Laitoet" {rElec rCorr EV+4 Str+2 Dex-5}
   (You took it off a deep elf sorcerer on level 5 of the Vaults)

   [ring of evasion]

   EV:        It affects your evasion (+4).
   Str:       It affects your strength (+2).
   Dex:       It affects your dexterity (-5).
   rElec:     It insulates you from electricity.
   rCorr:     It protects you from acid and corrosion.
 p - the ring of the Many Ears {Will+ rCorr Dex+3 Stlth+}
   (You took it off a vault warden on level 5 of the Vaults)

   [ring of resist corrosion]

   Dex:       It affects your dexterity (+3).
   rCorr:     It protects you from acid and corrosion.
   Will:      It increases your willpower.
   Stlth:     It makes you more stealthy.
 u - the ring "Temnicer" (left hand) {rN+ Will+ Stlth+}
   (You found it on level 3 of the Crypt)

   [ring of positive energy]

   rN:        It protects you from negative energy.
   Will:      It increases your willpower.
   Stlth:     It makes you more stealthy.
 y - the ring "Paurr" (right hand) {rF+ rN+}
   (You found it on level 3 of the Crypt)

   [ring of positive energy]

   rF:        It protects you from fire.
   rN:        It protects you from negative energy.
 J - the amulet "Tufac" (around neck) {*Slow Will++ Regen+ Slay+6}
   (You found it on level 3 of the Crypt)

   [amulet of regeneration]

   Slay:      It affects your accuracy & damage with ranged weapons and melee
   (+6).
   Regen:     It increases your rate of health regeneration.
   *Slow:     It may slow you when you take damage.
   Will:      It greatly increases your willpower.
Wands
 o - a wand of acid (34)
 t - a wand of iceblast (82)
 K - a wand of digging (13)
 Q - a wand of flame (49)
Scrolls
 a - 9 scrolls of fog
 g - 17 scrolls of teleportation
 m - 3 scrolls of magic mapping
 r - 2 scrolls of holy word
 s - a scroll of brand weapon
 w - 6 scrolls of blinking
 A - 5 scrolls of amnesia
 C - 11 scrolls of enchant weapon
 E - 41 scrolls of identify
 H - 2 scrolls of summoning
 T - 8 scrolls of fear
Potions
 d - 6 potions of might
 f - a potion of magic
 q - 10 potions of brilliance
 B - 11 potions of mutation
 D - 8 potions of invisibility
 G - 13 potions of heal wounds
 I - 19 potions of curing
 O - 3 potions of resistance
 R - 7 potions of ambrosia
 V - 6 potions of flight
 Y - 4 potions of cancellation
Miscellaneous
 n - a phantom mirror
 v - a box of beasts
 F - a condenser vane
 L - a lightning rod (4/4)
 U - a tin of tremorstones (2/2)
 W - a phial of floods


   Skills:
 + Level 26.0 Fighting
 + Level 26.0 Polearms
 - Level 5.0 Throwing
 - Level 19.1 Armour
 - Level 21.1 Dodging
 O Level 27 Shields
 - Level 5.0 Spellcasting
 - Level 7.0 Transmutations
 - Level 16.0 Invocations
 - Level 15.0 Evocations


You had 30 spell levels left.
You knew the following spells:

 Your Spells              Type           Power      Damage    Failure   Level
a - Olgreb's Toxic Radia  Pois           4%         N/A       99%         4
b - Wereblood             Tmut           31%        N/A       4%          2

Your spell library contained the following spells:

 Spells                   Type           Power      Damage    Failure   Level
 Sting                    Tmut/Pois      72%        1d6       13%         1
 Passwall                 Tmut/Erth      15%        N/A       21%         2
 Spider Form              Tmut/Pois      9%         N/A       36%         3
 Animate Skeleton         Necr           8%         N/A       50%         1
 Apportation              Tloc           8%         N/A       50%         1
 Corona                   Hex            4%         N/A       50%         1
 Foxfire                  Conj/Fire      16%        2x1d4     50%         1
 Magic Dart               Conj           16%        1d3       50%         1
 Pain                     Necr           16%        1d4       50%         1
 Sandblast                Erth           8%         2d5       50%         1
 Shock                    Conj/Air       16%        1d4       50%         1
 Summon Small Mammal      Summ           16%        N/A       50%         1
 Ignite Poison            Fire/Tmut/Pois 13%        N/A       54%         3
 Blink                    Tloc           N/A        N/A       63%         2
 Corpse Rot               Necr/Air       N/A        N/A       63%         2
 Ensorcelled Hibernation  Hex/Ice        8%         N/A       63%         2
 Poisonous Vapours        Pois/Air       8%         N/A       63%         2
 Searing Ray              Conj           8%         3d3       63%         2
 Slow                     Hex            4%         N/A       63%         2
 Static Discharge         Conj/Air       4%         N/A       63%         2
 Sublimation of Blood     Necr           2%         N/A       63%         2
 Blade Hands              Tmut           15%        N/A       65%         5
 Ice Form                 Ice/Tmut       18%        N/A       78%         4
 Petrify                  Tmut/Erth      18%        N/A       78%         4
 Call Canine Familiar     Summ           4%         N/A       86%         3
 Confusing Touch          Hex            4%         N/A       86%         3
 Conjure Flame            Conj/Fire      4%         6-21      86%         3
 Gell's Gravitas          Tloc           2%         N/A       86%         3
 Inner Flame              Hex/Fire       4%         N/A       86%         3
 Lesser Beckoning         Tloc           2%         N/A       86%         3
 Mephitic Cloud           Conj/Pois/Air  4%         N/A       86%         3
 Ozocubu's Armour         Ice            4%         N/A       86%         3
 Portal Projectile        Hex/Tloc       8%         N/A       86%         3
 Stone Arrow              Conj/Erth      8%         3d7       86%         3
 Summon Guardian Golem    Hex/Summ       4%         N/A       86%         3
 Swiftness                Air            4%         N/A       86%         3
 Teleport Other           Tloc           4%         N/A       86%         3
 Vampiric Draining        Necr           2%         2d6       86%         3
 Alistair's Intoxication  Tmut/Pois      12%        N/A       98%         5
 Yara's Violent Unravell  Hex/Tmut       9%         3d6       98%         5
 Airstrike                Air            2%         N/A       99%         4
 Animate Armour           Summ/Erth      8%         N/A       99%         4
 Dispel Undead            Necr           4%         3d7       99%         4
 Fulminant Prism          Conj/Hex       2%         3d6       99%         4
 Hailstorm                Conj/Ice       4%         3d4       99%         4
 Passage of Golubria      Tloc           N/A        N/A       99%         4
 Summon Ice Beast         Ice/Summ       4%         N/A       99%         4
 Summon Lightning Spire   Summ/Air       4%         N/A       99%         4
 Agony                    Necr           4%         N/A       100%        5
 Bolt of Magma            Conj/Fire/Erth 2%         4d4       100%        5
 Borgnjor's Vile Clutch   Necr/Erth      2%         N/A       100%        5
 Excruciating Wounds      Necr           2%         N/A       100%        5
 Fireball                 Conj/Fire      2%         3d4       100%        5
 Iskenderun's Battlesphe  Conj           4%         2d6       100%        5
 Lightning Bolt           Conj/Air       2%         1d13      100%        5
 Manifold Assault         Tloc           4%         N/A       100%        5
 Silence                  Hex/Air        2%         N/A       100%        5
 Summon Forest            Summ/Tloc      2%         N/A       100%        5
 Summon Mana Viper        Hex/Summ       4%         N/A       100%        5
 Conjure Ball Lightning   Conj/Air       2%         3x3d6     100%        6
 Death Channel            Necr           2%         N/A       100%        6
 Dispersal                Tloc           2%         N/A       100%        6
 Eringya's Noxious Bog    Tmut/Pois      9%         N/A       100%        6
 Iron Shot                Conj/Erth      2%         9d2       100%        6
 Shadow Creatures         Summ           N/A        N/A       100%        6
 Simulacrum               Ice/Necr       2%         N/A       100%        6
 Malign Gateway           Summ/Tloc      2%         N/A       100%        7
 Monstrous Menagerie      Summ           2%         N/A       100%        7
 Orb of Destruction       Conj           2%         9d1       100%        7
 Ozocubu's Refrigeration  Ice            2%         4d5       100%        7
 Spellforged Servitor     Conj/Summ      2%         N/A       100%        7
 Storm Form               Tmut/Air       9%         N/A       100%        7
 Summon Hydra             Summ           2%         N/A       100%        7
 Borgnjor's Revivificati  Necr           2%         N/A       100%        8
 Disjunction              Tloc           2%         N/A       100%        8
 Ignition                 Fire           2%         3d3       100%        8
 Lehudib's Crystal Spear  Conj/Erth      2%         10d2      100%        8
 Maxwell's Capacitive Co  Air            2%         ∞         100%        8
 Necromutation            Tmut/Necr      9%         N/A       100%        8
 Summon Horrible Things   Summ           2%         N/A       100%        8
 Chain Lightning          Conj/Air       2%         3d2       100%        9
 Death's Door             Necr           2%         N/A       100%        9
 Fire Storm               Conj/Fire      2%         8d1       100%        9
 Shatter                  Erth           2%         3d6*      100%        9


Dungeon Overview and Level Annotations

Branches:
Dungeon (15/15)            Temple (1/1) D:7            Lair (6/6) D:11
  Swamp (4/4) Lair:4       Spider (4/4) Lair:3        Slime (0/5) Lair:5
    Orc (2/2) D:12            Elf (3/3) Orc:2        Vaults (5/5) D:13
  Crypt (3/3) Vaults:2       Tomb (0/3) Crypt:3      Depths (5/5) D:15
    Zot (5/5) Depths:5      IceCv (visited)         Volcano (visited)

Altars:
Ashenzari
Cheibriados
Dithmenos
Elyvilon
Fedhas
Gozag
Hepliaklqana
Kikubaaqudgha
Makhleb
Nemelex Xobeh
Qazlal
Trog
Uskayaw
Wu Jian
Xom
Yredelemnul
The Shining One
Jiyva

Shops:
D:1 =   D:5 (:(*(   Orc:2 :?!=[   Elf:1 =   Vaults:3 ([?   Vaults:5 :
Depths:3 :=:

Portals:
Hell: Depths:1 Depths:2 Depths:3 Depths:4 Depths:5
Abyss: Depths:4
Pandemonium: Orc:2 Depths:2 Depths:3 Depths:5
Ziggurat: Depths:4

Annotations:
D:10 2 transporters, Dann's ghost, journeyman KoCj


Innate Abilities, Weirdness & Mutations

You have a pair of horns on your head.
You reflexively headbutt those who attack you in melee.


Message History

Press: ? - help, Dir - move target, f - tormentor
Aim: a tormentor (about 19% to evade your +9 vampiric demon trident)
You reach to attack!
You hit the tormentor but do no damage.
The large abomination completely misses you.
You furiously retaliate!
You headbutt the large abomination!
Unknown command.
Reach: e) +9 demon trident (vamp)
Press: ? - help, Dir - move target, f/p - tormentor
Aim: a tormentor (about 19% to evade your +9 vampiric demon trident)
You reach to attack!
You impale the tormentor!!
The tormentor is severely wounded.
Unknown command.
You hit the tormentor but do no damage.
The tormentor is severely wounded.
The large abomination misses you. You block the tormentor's attack.
The tormentor barely misses you.
You puncture the tormentor!
The tormentor is almost dead.
You block the tormentor's attack. x2
The large abomination completely misses you.
You puncture the tormentor!
You kill the tormentor!
Cheibriados thoroughly appreciates the change of pace.
You puncture the large abomination!
The large abomination is heavily damaged.
You block the large abomination's attack.
You impale the large abomination!!
You destroy the large abomination!
Cheibriados appreciates the change of pace.
(D) Dungeon (T) Temple (L) Lair (S) Swamp (N) Spider Nest (M) Slime Pits (O) Orcish Mines (E) Elven Halls (V) Vaults (C) Crypt (W) Tomb (U) Depths (H) Hell (Z) Zot
Where to? (Enter - D:1, ? - help)
There is a stone staircase leading up here.
You climb upwards.
There is a stone staircase leading down here.
HP restored.
There is a staircase leading out of the dungeon here.
You have escaped!

## .# ##
##########
##P.#.P..@#
#####....≈..≈.#
###..........≈≈≈#
##...≈.......P..≈#
#P.....≈PP....≈PP#
#P....≈.≈≈......P#
.....PP.P.P≈.....#
......≈≈P.P.≈....#
.....P.≈...≈P....#


There were no monsters in sight!

Vanquished Creatures
  5 dread liches
  An ancient lich (Zot:5)
  An orb of fire (Zot:3)
  2 juggernauts
  Boris (thrice) (Vaults:4 Depths:2 Vaults:5)
  the Lernaean hydra (Swamp:4)
  3 pandemonium lords
  4 Killer Klowns (Zot:5)
  Saint Roka (Vaults:1)
  Bai Suzhen (Depths:2)
  4 curse toes
  Nikola (Spider:4)
  Jory (Crypt:3)
  11 golden dragons
  Arachne (Spider:3)
  A Brimstone Fiend (Depths:1)
  4 electric golems
  A bone dragon (Depths:5)
  22 tentacled monstrosities
  A Hell Sentinel (Depths:1)
  4 liches
  A hellephant (Zot:5)
  25 Orb Guardians
  Rupert (D:14)
  6 titans (Vaults:5)
  Asterion (Depths:2)
  6 quicksilver dragons
  2 deep elf blademasters (Elf:3)
  Frances (Swamp:2)
  2 deep elf master archers (Elf:3)
  An Executioner (Depths:1)
  7 ancient champions
  2 sphinxes
  3 tengu reavers (Vaults:5)
  Donald (Elf:1)
  8 death cobs
  Kirke (D:15)
  11 shadow dragons
  12 storm dragons
  6 draconian monks
  3 revenants (Crypt:2)
  A draconian knight (Zot:5)
  13 fire giants
  The ghost of Zachydoop the Severer, a journeyman DsGl of Ru (Swamp:4)
  An iron dragon (Depths:5)
  8 draconian scorchers
  14 frost giants
  6 deep elf sorcerers
  Louise (D:14)
  17 ghost moths
  A juggernaut zombie (Crypt:2)
  5 orc warlords
  6 draconian shifters
  Aizul (Swamp:3)
  4 ghouls (Crypt:2)
  A cacodemon (Depths:1)
  3 deep elf elementalists (Elf:3)
  A caustic shrike zombie (Depths:4)
  19 vault wardens
  4 curse skulls
  The ghost of Aqerhull the Unseen, an adept SpEn of Kikubaaqudgha (Spider:3)
  6 emperor scorpions
  A spriggan defender (Depths:4)
  4 draconian stormcallers
  25 ironbound preservers
  A reaper (Depths:1)
  A quicksilver ooze (shapeshifter) (Vaults:5)
  6 draconian annihilators
  32 very ugly things
  A caustic shrike skeleton (Crypt:2)
  16 stone giants
  20 vampire knights
  6 war gargoyles
  Nessos (Lair:4)
  5 black draconians
  6 green draconians
  7 deep elf demonologists
  A black sun (Depths:1)
  A juggernaut skeleton (Crypt:2)
  An entropy weaver (shapeshifter) (D:13)
  11 deep elf annihilators
  8 white draconians
  12 spark wasps
  11 yellow draconians
  10 purple draconians
  A lorocyproca (Depths:4)
  5 bunyips
  8 red draconians
  9 entropy weavers
  5 eidola
  9 dire elephants
  6 eleionomae
  6 deep elf death magi
  Snorg (D:14)
  A blizzard demon (Depths:3)
  The ghost of Fuxod the Fighter, a journeyman GnWn of Xom (Lair:3)
  2 merfolk javelineers (Depths:3)
  16 ettins
  A green death (D:5)
  2 merfolk impalers (Depths:1)
  2 deep elf high priests
  8 yaktaur captains
  9 fire dragons
  38 vault guards
  Josephine (D:11)
  A quicksilver dragon skeleton (Depths:3)
  Harold (D:7)
  7 great orbs of eyes
  18 jiangshi
  15 ice dragons
  A monstrous demonspawn (Depths:3)
  Erolcha (Orc:1)
  4 rakshasas
  6 ironbound thunderhulks
  A ghost crab (Swamp:3)
  4 peacekeepers
  2 spriggan air magi
  29 hydras
  A hell beast (Depths:5)
  A caustic shrike simulacrum (IceCv)
  A catoblepas (D:13)
  Erica (Lair:2)
  8 boulder beetles
  9 two-headed ogres
  13 alligators
  An ogre mage (Volcano)
  19 centaur warriors
  7 vampire magi
  5 death yaks
  7 ironbound frosthearts
  33 dancing weapons
  5 deep troll earth magi
  2 spectral storm dragons (Crypt:1)
  5 deep troll shamans
  A titan zombie (Crypt:2)
  5 tengu warriors
  6 ironbound beastmasters
  3 spriggan berserkers (Depths:4)
  6 orc high priests
  18 hell knights
  3 soul eaters
  Sonja (Lair:2)
  3 shadow wraiths
  A fire crab (Lair:6)
  3 iron trolls
  21 deep elf knights
  A spectral death yak (Lair:6)
  A sun demon (D:5)
  A spectral anaconda (Lair:6)
  A sixfirhy (D:2)
  4 storm dragon zombies
  8 goliath frogs
  A titan skeleton (Crypt:1)
  23 skeletal warriors
  An orange crystal statue (IceCv)
  17 deep elf archers
  4 torturous demonspawn
  5 flayed ghosts
  2 infernal demonspawn (Depths:1)
  A golden dragon zombie (Crypt:3)
  A spriggan druid (Swamp:3)
  An obsidian statue (Lair:6)
  A tengu zombie (Depths:3)
  2 glowing orange brains
  A deep troll (shapeshifter) (Depths:5)
  70 deep trolls
  A gelid demonspawn (Orc:2)
  17 bog bodies
  13 necromancers
  17 wizards
  10 swamp dragons
  5 lindwurms
  5 harpies (Vaults:1)
  3 oklob plants (Lair:1)
  15 ironbound convokers
  19 phantasmal warriors
  Pikel (D:4)
  39 deep elf zephyrmancers
  A lindwurm (shapeshifter) (Depths:5)
  28 wolf spiders
  An iron dragon zombie (Crypt:2)
  21 orc knights
  55 ugly things
  7 orb spiders
  2 shadow dragon zombies (Crypt:3)
  2 spectral fire dragons (Crypt:1)
  8 orc sorcerers (Orc:2)
  5 cyclopes
  2 spectral ice dragons (Crypt:1)
  35 deep elf pyromancers
  2 golden dragon skeletons
  3 frost giant zombies
  3 will-o-the-wisps
  3 manticores
  A sphinx skeleton (Crypt:1)
  A fire giant zombie (Crypt:3)
  A worldbinder (Abyss:2)
  A cyclops (shapeshifter) (Vaults:5)
  2 frost giant skeletons
  A moth of wrath (shapeshifter) (Depths:4)
  A fire giant skeleton (Vaults:2)
  An iron dragon skeleton (Depths:3)
  24 moths of wrath
  2 stone giant skeletons
  4 black mambas
  A water nymph (shapeshifter) (Vaults:5)
  2 ice statues (Depths:3)
  4 rust devils
  2 water nymphs (Swamp:1)
  15 elephants (Lair:6)
  A torpor snail (Spider:1)
  A titan simulacrum (Depths:4)
  17 vault sentinels
  An elephant slug zombie (Crypt:3)
  3 gargoyles
  2 dire elephant zombies (Crypt:3)
  3 orange demons
  2 smoke demons
  A catoblepas zombie (Crypt:3)
  A spriggan zombie (Depths:1)
  A spriggan skeleton (Depths:3)
  Maggie (D:7)
  10 cane toads
  2 rime drakes
  16 freezing wraiths
  A yaktaur (shapeshifter) (Depths:4)
  2 tormentors
  11 komodo dragons
  A kobold demonologist (Depths:4)
  A komodo dragon (shapeshifter) (Vaults:5)
  2 unseen horrors
  22 yaktaurs
  5 tengu conjurers
  A red draconian skeleton (Crypt:2)
  2 ice devils
  26 demonic crawlers
  A grey draconian skeleton (Crypt:3)
  2 yaktaur skeletons
  2 anaconda simulacra (IceCv)
  An efreet (D:12)
  3 hellwings
  2 red devils
  2 golden dragon simulacra (IceCv)
  A hydra zombie (Crypt:2)
  43 jumping spiders
  5 tyrant leeches
  A large abomination (D:2)
  2 polar bears
  2 bloated husks (Swamp:1)
  14 hornets
  6 dream sheep (Lair:2)
  An iron troll skeleton (Crypt:3)
  A human skeleton (Vaults:1)
  A sphinx simulacrum (Depths:3)
  A spectral elephant (Lair:6)
  Grinder (D:3)
  A deep troll zombie (Vaults:2)
  A death drake skeleton (Crypt:1)
  A wolf spider simulacrum (Crypt:3)
  24 slime creatures
  2 stone giant simulacra
  26 blink frogs
  2 ettin zombies (Crypt:3)
  A fire dragon zombie (Crypt:3)
  43 tarantellas
  10 spriggans
  26 flying skulls
  9 wraiths
  4 air elementals (Elf:1)
  A satyr skeleton (Crypt:2)
  14 water elementals
  2 shadows
  A tarantella (shapeshifter) (Elf:1)
  21 vampires
  86 redbacks
  A dire elephant simulacrum (IceCv)
  3 ynoxinuls
  6 basilisks
  55 yaks
  3 wyverns
  5 hogs (D:15)
  11 vampire mosquitoes
  A chaos spawn (Orc:2)
  Edmund (D:5)
  Menkaure (D:7)
  An acid dragon (D:9)
  2 death yak simulacra (Lair:6)
  A spectral cane toad (Lair:6)
  A swamp worm (shapeshifter) (Vaults:5)
  A warg (D:15)
  An infernal demonspawn zombie (Crypt:3)
  15 swamp worms
  A floating eye (shapeshifter) (Vaults:2)
  A cane toad zombie (Crypt:1)
  An ogre zombie (Vaults:1)
  13 water moccasins
  A hydra simulacrum (Crypt:2)
  A sky beast (D:4)
  10 swamp drakes
  4 ice beasts
  A snapping turtle zombie (Crypt:3)
  3 black bears
  A lindwurm zombie (Crypt:1)
  44 orc warriors
  An alligator simulacrum (IceCv)
  8 ogres
  2 elephant zombies (Lair:6)
  32 wolves
  10 centaurs
  4 necrophages
  A centaur (shapeshifter) (Vaults:5)
  A phantom (D:4)
  13 bullfrogs
  Blork the orc (D:4)
  3 earth elementals (Elf:1)
  A gnoll sergeant (D:10)
  6 scorpions
  A glowing shapeshifter simulacrum (Vaults:2)
  A cane toad simulacrum (Lair:6)
  A salamander skeleton (Crypt:3)
  A queen bee zombie (Crypt:2)
  A water moccasin zombie (D:5)
  3 killer bees (D:9)
  A lindwurm simulacrum (IceCv)
  14 wights
  5 howler monkeys
  A yak skeleton (Crypt:1)
  5 electric eels
  A troll skeleton (Crypt:1)
  2 bullfrog zombies
  A hound (D:4)
  4 centaur zombies
  A human zombie (Crypt:3)
  33 orc priests
  2 centaur skeletons
  3 gnoll shamans
  Terence (D:3)
  A black bear skeleton (Crypt:1)
  2 iguanas
  Ijyb (D:3)
  15 orc wizards
  A killer bee zombie (D:8)
  A demigod zombie (Crypt:2)
  A naga zombie (Crypt:3)
  A howler monkey skeleton (Crypt:3)
  2 howler monkey zombies
  14 gnolls
  4 adders
  A shadow imp (D:7)
  3 white imps
  2 ufetubi
  A halfling zombie (Crypt:3)
  An iguana zombie (Crypt:3)
  An adder skeleton (D:4)
  3 worms
  4 dart slugs
  100 orcs
  9 bats
  7 endoplasms
  A giant cockroach (D:3)
  11 goblins
  17 hobgoblins
  15 jackals
  9 kobolds
  3 quokkas
  8 ball pythons
  A ball python skeleton (Crypt:3)
  6 frilled lizards
  A giant cockroach zombie (Crypt:1)
  2 rats
2523 creatures vanquished.

Vanquished Creatures (collateral kills)
  A frost giant (Vaults:4)
  An ironbound frostheart (Vaults:4)
  An orc knight (Vaults:4)
3 creatures vanquished.

Vanquished Creatures (others)
  A tentacled monstrosity (Zot:5)
  A deep elf demonologist (Elf:3)
  A bog body (Swamp:1)
  A deep elf pyromancer (Elf:1)
  5 bloated husks
  A redback (Spider:4)
  A tengu (shapeshifter) (Vaults:5)
  3 orcs
  19 foxfires
  47 fungi
  51 plants
  15 withered plants
146 creatures vanquished.

Grand Total: 2672 creatures vanquished

Notes
Turn   | Place    | Note
-------+----------+-------------------------------------------
     0 | D:1      | denis1488 the Minotaur Fighter began the quest for the Orb.
     0 | D:1      | Reached XP level 1. HP: 19/19 MP: 0/0
   164 | D:1      | Reached XP level 2. HP: 27/27 MP: 1/1
   305 | D:1      | Found Tifaboim's Jewellery Boutique.
   320 | D:1      | Reached skill level 4 in Shields
   696 | D:1      | Reached XP level 3. HP: 33/33 MP: 2/2
   937 | D:2      | Reached XP level 4. HP: 37/41 MP: 3/3
  1036 | D:2      | Found a faded altar of an unknown god.
  1778 | D:3      | Noticed Ijyb
  1802 | D:3      | Killed Ijyb
  1803 | D:3      | Reached XP level 5. HP: 26/47 MP: 4/4
  2099 | D:3      | Noticed Grinder
  2113 | D:3      | Paralysed by Grinder for 4 turns
  2343 | D:3      | Noticed Terence
  2349 | D:3      | Killed Terence
  2350 | D:3      | Reached skill level 5 in Fighting
  2350 | D:3      | Reached skill level 5 in Armour
  2622 | D:4      | Noticed Blork the orc
  2863 | D:4      | Noticed a sky beast
  2864 | D:4      | Found a shadowy altar of Dithmenos.
  2891 | D:4      | Killed a sky beast
  2892 | D:4      | Reached skill level 1 in Dodging
  2892 | D:4      | Reached skill level 5 in Shields
  2892 | D:4      | Reached XP level 6. HP: 16/56 MP: 5/5
  3144 | D:4      | Noticed Pikel
  3163 | D:4      | Killed Pikel
  3164 | D:4      | Reached skill level 5 in Polearms
  3164 | D:4      | Reached skill level 1 in Evocations
  3164 | D:4      | Reached XP level 7. HP: 24/63 MP: 6/6
  3435 | D:4      | Reached skill level 6 in Shields
  3515 | D:4      | Found a hide-covered altar of Uskayaw.
  4034 | D:4      | Killed Blork the orc
  4165 | D:4      | Reached XP level 8. HP: 39/71 MP: 7/7
  4320 | D:3      | Paralysed by Grinder for 3 turns
  4325 | D:3      | Killed Grinder
  4368 | D:5      | Entered Level 5 of the Dungeon
  4391 | D:5      | Got the Disquisition on Blistering Snow
  4419 | D:5      | Found Wyumiu's Antique Weapon Shoppe.
  4450 | D:5      | Found Hiarph's Assorted Antiques.
  4560 | D:5      | You fall into a shaft and drop 2 floors!
  4637 | D:7      | Reached skill level 7 in Shields
  4658 | D:7      | HP: 1/73 [ice beast (4)]
  5250 | D:7      | Noticed Harold
  5383 | D:7      | Reached XP level 9. HP: 55/79 MP: 8/8
  5498 | D:7      | Noticed Maggie
  5499 | D:7      | Reached skill level 10 in Fighting
  5499 | D:7      | Reached skill level 5 in Dodging
  5499 | D:7      | Reached skill level 9 in Shields
  5499 | D:7      | Reached XP level 10. HP: 50/92 MP: 9/9
  5505 | D:7      | Killed Maggie
  5506 | D:7      | Reached skill level 10 in Armour
  5922 | D:8      | You fall into a shaft and drop 2 floors!
  5922 | D:10     | Entered Level 10 of the Dungeon
  5964 | D:10     | Found a transporter.
  5974 | D:10     | Noticed Dann's ghost (journeyman KoCj)
  6061 | D:10     | Reached skill level 10 in Shields
  6559 | D:5      | Found Iteojug's Weapon Boutique.
  6649 | D:1      | Bought an amulet of regeneration for 300 gold pieces
  6776 | D:5      | Found Onium's Book Shoppe.
  6802 | D:5      | Noticed Edmund
  6829 | D:5      | Reached skill level 10 in Polearms
  6873 | D:5      | Killed Edmund
  7115 | D:5      | Found Bocsacei's Weapon Emporium.
  7616 | D:6      | Found an opulent altar of Gozag.
  7790 | D:7      | Reached XP level 11. HP: 99/101 MP: 10/10
  8120 | D:7      | Found a staircase to the Ecumenical Temple.
  8135 | D:7      | Killed Harold
  8144 | D:7      | Noticed Menkaure
  8155 | D:7      | Killed Menkaure
  8169 | Temple   | Entered the Ecumenical Temple
  8175 | Temple   | Became a worshipper of Cheibriados the Contemplative
  8220 | D:7      | Found a hazy altar of Hepliaklqana.
  9189 | D:9      | Found a white marble altar of Elyvilon.
  9343 | D:9      | Found a basalt altar of Yredelemnul.
  9418 | D:10     | Reached * piety under Cheibriados
  9522 | D:10     | Found an ornate altar of the Wu Jian Council.
  9554 | D:10     | Found a blossoming altar of Fedhas.
  9582 | D:10     | Reached skill level 11 in Shields
  9582 | D:10     | Reached skill level 1 in Invocations
  9873 | D:10     | Found a transporter.
  9950 | D:10     | Found a portal to a secret trove of treasure.
 10225 | D:11     | Reached ** piety under Cheibriados
 10249 | D:11     | Found a flagged portal.
 10252 | D:11     | Noticed a white ugly thing
 10273 | D:11     | Killed a white ugly thing
 10446 | D:11     | Noticed Josephine
 10447 | D:11     | Noticed a green ugly thing
 10464 | D:11     | Killed a green ugly thing
 10471 | D:11     | Killed Josephine
 10534 | D:11     | Noticed a seven-headed hydra
 10540 | D:11     | Killed a seven-headed hydra
 10593 | D:11     | Found a staircase to the Lair.
 10680 | D:11     | Reached XP level 12. HP: 111/111 MP: 12/12
 11006 | D:12     | Noticed a centaur warrior
 11033 | D:12     | Killed a centaur warrior
 11136 | D:12     | Noticed a two-headed ogre
 11142 | D:12     | Killed a two-headed ogre
 11142 | D:12     | Reached *** piety under Cheibriados
 11228 | D:12     | Noticed a two-headed ogre
 11237 | D:12     | Killed a two-headed ogre
 11238 | D:12     | Reached skill level 12 in Shields
 11263 | D:12     | Found a staircase to the Orcish Mines.
 12066 | D:13     | Identified the +1 scale mail "Zanupit" {rPois}
 12141 | D:13     | Noticed a boulder beetle
 12153 | D:13     | Killed a boulder beetle
 12191 | D:13     | Noticed a seven-headed hydra
 12201 | D:13     | Killed a seven-headed hydra
 12202 | D:13     | Reached skill level 5 in Evocations
 12281 | D:13     | Noticed a boulder beetle
 12281 | D:13     | Noticed a two-headed ogre
 12290 | D:13     | Killed a two-headed ogre
 12463 | Lair:1   | Entered Level 1 of the Lair of Beasts
 12470 | Lair:1   | Reached **** piety under Cheibriados
 12565 | Lair:1   | Noticed an eight-headed hydra
 12578 | Lair:1   | Killed an eight-headed hydra
 12802 | Lair:1   | Reached XP level 13. HP: 116/119 MP: 15/15
 12803 | Lair:1   | Reached ***** piety under Cheibriados
 12926 | Lair:1   | Identified the +6 flail "Woqigh" {vorpal, SInv Stlth+}
 13496 | Lair:2   | Noticed Erica
 13506 | Lair:2   | Killed Erica
 13507 | Lair:2   | Reached skill level 13 in Shields
 14199 | Lair:2   | Noticed Sonja
 14201 | Lair:2   | Killed Sonja
 14368 | Lair:3   | Reached skill level 5 in Invocations
 14550 | Lair:3   | Found a runed translucent door.
 14551 | Lair:3   | Noticed Fuxod's ghost (journeyman GnWn)
 14552 | Lair:3   | Identified the +6 spear of the Shark {vamp, Will+}
 14631 | Lair:3   | Reached ****** piety under Cheibriados
 14932 | Lair:3   | Found a hole to the Spider Nest.
 15242 | Lair:4   | Reached skill level 14 in Shields
 15253 | Lair:4   | Reached XP level 14. HP: 132/132 MP: 17/17
 15258 | Lair:4   | Noticed Nessos
 15284 | Lair:4   | Killed Nessos
 15381 | Lair:4   | Found a dark tunnel.
 15478 | Volcano  | Entered a volcano
 15525 | Volcano  | Identified the amulet "Emascho" {Faith Drain rC+ Str+5}
 16005 | Lair:4   | Found a staircase to the Swamp.
 16797 | Lair:5   | Found a viscous altar of Jiyva.
 16797 | Lair:5   | Found a staircase to the Slime Pits.
 17039 | Lair:6   | Entered Level 6 of the Lair of Beasts
 17495 | Lair:6   | Reached skill level 15 in Fighting
 17540 | Lair:6   | Reached skill level 15 in Shields
 17551 | Lair:6   | Reached skill level 15 in Polearms
 17560 | Lair:6   | Reached skill level 10 in Dodging
 18224 | Lair:6   | Reached XP level 15. HP: 48/137 MP: 20/20
 18305 | Lair:6   | Identified the +1 flail of Proximity {flame, *Slow rElec
                  | rCorr Int+6}
 18657 | Orc:1    | Entered Level 1 of the Orcish Mines
 18657 | Orc:1    | Noticed Erolcha
 18664 | Orc:1    | Killed Erolcha
 19284 | D:13     | Found a gate to the Vaults.
 19297 | D:13     | Reached skill level 10 in Invocations
 19900 | D:14     | Noticed Louise
 19902 | D:14     | Cast into level 2 of the Abyss (Louise)
 19919 | Abyss:2  | Identified the +2 pair of boots of the Twenty Knives {+Inv}
 19923 | D:14     | Escaped the Abyss
 19944 | D:14     | Killed Louise
 20108 | D:14     | Noticed Rupert
 20117 | D:14     | Killed Rupert
 20124 | D:14     | Identified the +5 rapier "Zopuwor" {vorpal, rF+ rCorr Str+5
                  | Int-4}
 20284 | D:14     | Noticed Snorg
 20296 | D:14     | Killed Snorg
 20532 | D:15     | Entered Level 15 of the Dungeon
 20805 | D:15     | Found a staircase to the Depths.
 20805 | D:15     | Noticed a frost giant
 20816 | D:15     | Killed a frost giant
 21133 | D:15     | Noticed Kirke
 21151 | D:15     | Killed Kirke
 21226 | D:15     | Reached XP level 16. HP: 149/149 MP: 22/22
 21636 | Orc:2    | Entered Level 2 of the Orcish Mines
 21702 | Orc:2    | Paralysed by an orc sorcerer for 5 turns
 21846 | Orc:2    | Found a staircase to the Elven Halls.
 21901 | Orc:2    | Found Qutanix's Book Boutique.
 21952 | Orc:2    | Found Celiudyc's Magic Scroll Emporium.
 21985 | Orc:2    | Found Weul Xuex's Distillery.
 22431 | Orc:2    | Paralysed by an orc sorcerer for 7 turns
 22531 | Orc:2    | Paralysed by an orc sorcerer for 5 turns
 22593 | Orc:2    | Found Qirysch's Jewellery Shop.
 22593 | Orc:2    | Found Secs's Antique Armour Boutique.
 22594 | Orc:2    | Found a one-way gate leading to the halls of Pandemonium.
 22598 | Orc:2    | Bought a runed cloak for 262 gold pieces
 23175 | Spider:1 | Entered Level 1 of the Spider Nest
 23604 | Spider:1 | Learned a level 4 spell: Olgreb's Toxic Radiance
 23669 | Spider:1 | Identified the +1 chain mail of Sandy New Discoveries
                  | {rElec rPois rC- Stlth+}
 24709 | Spider:2 | Identified the +3 war axe "Kerupse" {elec, *Corrode rPois
                  | rN+ Str+3}
 25459 | Spider:3 | Reached XP level 17. HP: 114/158 MP: 24/24
 25468 | Spider:3 | Noticed Arachne
 25481 | Spider:3 | Killed Arachne
 25536 | Spider:3 | Reached skill level 16 in Shields
 25570 | Spider:3 | Found a frozen archway.
 25611 | IceCv    | Entered an ice cave
 25626 | IceCv    | Found a transporter.
 25645 | IceCv    | Found a transporter.
 26404 | Spider:3 | Found a runed translucent door.
 26518 | Spider:3 | Noticed Aqerhull's ghost (adept SpEn)
 26543 | Spider:3 | Killed Aqerhull's ghost
 26652 | Spider:4 | Entered Level 4 of the Spider Nest
 27213 | Spider:4 | Noticed Nikola
 27240 | Spider:4 | Killed Nikola
 27677 | Spider:4 | Reached XP level 18. HP: 113/168 MP: 0/25
 27824 | Spider:4 | Got a gossamer rune of Zot
 28332 | Lair:3   | Killed Fuxod's ghost
 28571 | Vaults:1 | Entered Level 1 of the Vaults
 28613 | Vaults:1 | Noticed Saint Roka
 28638 | Vaults:1 | Killed Saint Roka
 29197 | Vaults:1 | Reached skill level 17 in Shields
 30134 | Vaults:1 | Reached skill level 15 in Armour
 30155 | Vaults:1 | Reached XP level 19. HP: 128/177 MP: 27/27
 31118 | Vaults:2 | Reached skill level 15 in Dodging
 31530 | Vaults:2 | Reached skill level 10 in Evocations
 31937 | Vaults:2 | Paralysed by a floating eye for 2 turns
 32081 | Vaults:2 | Found a staircase to the Crypt.
 32386 | Vaults:3 | Reached skill level 18 in Shields
 32456 | Vaults:3 | Found Boontigh's Magic Scroll Boutique.
 32467 | Vaults:3 | Bought a scroll of teleportation for 36 gold pieces
 32467 | Vaults:3 | Bought a scroll of teleportation for 36 gold pieces
 32467 | Vaults:3 | Bought a scroll of fear for 42 gold pieces
 32467 | Vaults:3 | Bought a scroll of magic mapping for 42 gold pieces
 32467 | Vaults:3 | Bought a scroll of blinking for 90 gold pieces
 32467 | Vaults:3 | Bought a scroll of teleportation for 36 gold pieces
 32611 | Vaults:3 | Found Qotu's Armour Emporium.
 32629 | Vaults:3 | Found Hona's Antique Weapon Shop.
 32923 | Vaults:3 | Reached XP level 20. HP: 188/188 MP: 28/28
 34495 | Vaults:4 | Noticed Boris
 34517 | Vaults:4 | Killed Boris
 34694 | Vaults:4 | Got Nummuih's Disquisition on the Rocks
 35415 | D:10     | You paid a toll of 17 scrolls of teleportation to enter a
                  | treasure trove
 35416 | Trove    | Entered a treasure trove
 35439 | Trove    | Identified the ring of Balance {Ice Int+2}
 35444 | Trove    | Identified the +1 pair of boots "Qoufoed" {Str+3 Int-3
                  | Dex+3}
 35451 | Trove    | Identified the +5 kite shield of the Endless Expanse {rF+
                  | Regen+}
 35665 | Depths:1 | Entered Level 1 of the Depths
 35714 | Depths:1 | Found a gateway to Hell.
 35796 | Depths:1 | Reached skill level 19 in Shields
 35972 | Depths:1 | Reached XP level 21. HP: 145/194 MP: 25/29
 36489 | Depths:2 | Noticed Boris
 36499 | Depths:2 | Noticed Bai Suzhen
 36508 | Depths:2 | Killed Boris
 36524 | Depths:2 | Killed Bai Suzhen
 36537 | Depths:2 | Found a flickering gateway to a bazaar.
 36546 | Bazaar   | Entered a bazaar
 36546 | Bazaar   | Found Ylemp's Jewellery Shoppe.
 36546 | Bazaar   | Found Raonneh's Book Emporium.
 36548 | Bazaar   | Found Kystoshi's Book Shoppe.
 36564 | Bazaar   | Found Xuedienu's General Store.
 36572 | Bazaar   | Bought 4 silver javelins for 115 gold pieces
 36572 | Bazaar   | Bought a wand of acid (8) for 288 gold pieces
 36789 | Depths:2 | Found a stormy altar of Qazlal.
 36865 | Depths:2 | Noticed a golden dragon
 36870 | Depths:2 | Noticed a golden dragon
 36883 | Depths:2 | Killed a golden dragon
 36884 | Depths:2 | Reached skill level 1 in Throwing
 36901 | Depths:2 | Killed a golden dragon
 36986 | Depths:2 | Identified the amulet of the Heron {Spirit Int+3 Dex+2}
 37128 | Depths:2 | Noticed Asterion
 37134 | Depths:2 | Killed Asterion
 38021 | Depths:3 | Found a glowing golden altar of the Shining One.
 38070 | Depths:3 | Found Bawn's Book Emporium.
 38071 | Depths:3 | Found Pifeop's Jewellery Boutique.
 38072 | Depths:3 | Found Lecwapa's Book Emporium.
 38082 | Depths:3 | Bought a manual of Dodging for 1360 gold pieces
 38255 | Depths:3 | Noticed a dread lich
 38270 | Depths:3 | Killed a dread lich
 38408 | Depths:3 | Identified the +11 crystal plate armour of Untruth {-Cast
                  | Dex+2 SInv}
 38522 | Depths:3 | Identified the +5 flail of the Onslaught {venom, rElec
                  | rCorr}
 38881 | Swamp:1  | Entered Level 1 of the Swamp
 38885 | Swamp:1  | Reached XP level 22. HP: 207/207 MP: 30/30
 38949 | Swamp:1  | You fall into a shaft and drop 1 floor!
 39162 | Swamp:2  | Identified the +4 ring mail of the Transparent Slorg {rF+}
 39186 | Swamp:2  | Noticed Frances
 39195 | Swamp:2  | Killed Frances
 39256 | Swamp:1  | Identified a scroll of acquirement
 39285 | Swamp:1  | Acquired a manual of Staves
 40163 | Swamp:3  | Noticed Aizul
 40185 | Swamp:3  | Killed Aizul
 40781 | Swamp:4  | Entered Level 4 of the Swamp
 40855 | Swamp:4  | Reached skill level 5 in Throwing
 40855 | Swamp:4  | Reached skill level 20 in Shields
 41121 | Swamp:4  | Found a runed translucent door.
 41121 | Swamp:4  | Noticed Zachydoop's ghost (journeyman DsGl)
 41144 | Swamp:4  | Killed Zachydoop's ghost
 41322 | Swamp:4  | Noticed the 27-headed Lernaean hydra
 41330 | Swamp:4  | Killed the 27-headed Lernaean hydra
 41337 | Swamp:4  | Got a decaying rune of Zot
 41625 | Elf:1    | Entered Level 1 of the Elven Halls
 41647 | Elf:1    | Paralysed by an air elemental for 1 turns
 41860 | Elf:1    | Got the Guide on Companions
 41911 | Elf:1    | Found Eclyetu's Jewellery Emporium.
 41911 | Elf:1    | Paralysed by an air elemental for 1 turns
 41915 | Elf:1    | Paralysed by an air elemental for 1 turns
 41933 | Elf:1    | Learned a level 2 spell: Wereblood
 42076 | Elf:1    | Identified the +0 kite shield "Arretuuf" {Will- Int+8}
 42076 | Elf:1    | Noticed Donald
 42088 | Elf:1    | Killed Donald
 42223 | Elf:1    | Reached XP level 23. HP: 205/217 MP: 31/31
 42828 | Elf:2    | Found a huge runed translucent gate.
 42828 | Elf:2    | Found a huge runed translucent gate.
 42834 | Elf:2    | Found a huge runed translucent gate.
 42834 | Elf:2    | Found a huge runed translucent gate.
 42835 | Elf:2    | Found a huge runed translucent gate.
 43313 | Elf:3    | Entered Level 3 of the Elven Halls
 43791 | Elf:3    | Identified the ring of Rawolyxi {rPois rF+}
 44058 | Elf:3    | Acquired 689 gold pieces
 44117 | Elf:3    | Found the +3 crown of Dyrovepreva {rElec Int+2 SInv}
 44118 | Elf:3    | Identified the +1 scale mail of the Slug {Harm Regen+ rCorr
                  | Int-4}
 44119 | Elf:3    | Identified the +8 battleaxe of Hepliaklqana's Envy {vorpal,
                  | +Rage}
 44121 | Elf:3    | Identified the +2 hunting sling of Certain Death {venom,
                  | rElec Will+ Str+4}
 44123 | Elf:3    | Got the Tome of Conjuration
 44135 | Elf:3    | Identified the +1 buckler of Lunaz {Will+}
 44135 | Elf:3    | Identified the +1 war axe "Killer Bee's Doom" {drain, +Rage
                  | Int+3 Dex+4}
 44323 | Elf:3    | Identified the +1 scale mail of the Stallion {Int+5}
 44328 | Elf:3    | Identified the +4 morningstar "Cullam" {speed, rPois Dex-4
                  | Stlth+}
 44842 | Vaults:5 | Entered Level 5 of the Vaults
 45025 | Vaults:5 | Noticed Boris
 45034 | Vaults:5 | Killed Boris
 45092 | Vaults:5 | Reached XP level 24. HP: 228/228 MP: 32/32
 45103 | Vaults:5 | Reached skill level 21 in Shields
 45129 | Vaults:5 | Got a silver rune of Zot
 45284 | Vaults:5 | Identified the ring of Zeaz {rElec EV+4 Int+2}
 45312 | Vaults:5 | Identified the +9 scimitar of Xoxy {venom, +Rage Str+9
                  | Int-2 Dex-3}
 45400 | Vaults:5 | Reached skill level 15 in Invocations
 45501 | Vaults:5 | Identified the ring of the Many Ears {Will+ rCorr Dex+3
                  | Stlth+}
 45502 | Vaults:5 | Identified the ring of Mesin {Str+5 Dex+6}
 45525 | Vaults:5 | Identified the ring "Laitoet" {rElec rCorr EV+4 Str+2
                  | Dex-5}
 45632 | Vaults:5 | Found Zibefionue's Book Emporium.
 45771 | Vaults:5 | Found the brooch of Shielding {Spirit SH+8}
 46234 | Vaults:5 | Found the +15 Maxwell's patent armour {-Cast -Tele rElec
                  | Will+ rCorr}
 46447 | Crypt:1  | Entered Level 1 of the Crypt
 46636 | Crypt:1  | Reached skill level 15 in Evocations
 47042 | Crypt:1  | Reached XP level 25. HP: 214/235 MP: 34/34
 47052 | Crypt:1  | Acquired a manual of Shields
 47895 | Crypt:2  | Reached skill level 22 in Shields
 48072 | Crypt:3  | Entered Level 3 of the Crypt
 48397 | Crypt:3  | Reached skill level 23 in Shields
 48635 | Crypt:3  | Found a staircase to the Tomb.
 48662 | Crypt:3  | Reached skill level 24 in Shields
 48678 | Crypt:3  | Paralysed by a vampire knight for 3 turns
 48719 | Crypt:3  | Identified the +1 spear "Fozinin" {spect, Drain Dex+7}
 48945 | Crypt:3  | Identified the amulet "Tufac" {*Slow Will++ Regen+ Slay+6}
 48945 | Crypt:3  | Identified the ring "Temnicer" {rN+ Will+ Stlth+}
 48945 | Crypt:3  | Identified the ring "Paurr" {rF+ rN+}
 48950 | Crypt:3  | Identified the amulet "Juqug" {Faith rN+ Str+4 Slay-4}
 49297 | Crypt:3  | Noticed Jory
 49314 | Crypt:3  | Killed Jory
 49343 | Crypt:3  | Identified the +3 leather armour of Divine Intervention
                  | {MP+9 Str+5 Dex-3}
 49865 | Depths:3 | Reached skill level 25 in Shields
 50039 | Depths:4 | Noticed a juggernaut
 50057 | Depths:4 | Killed a juggernaut
 50198 | Depths:4 | Reached XP level 26. HP: 244/244 MP: 34/34
 50347 | Depths:4 | Found a one-way gate to the infinite horrors of the Abyss.
 50365 | Depths:4 | Reached skill level 26 in Shields
 50693 | Depths:4 | Found a gateway to a ziggurat.
 51009 | Depths:5 | Entered Level 5 of the Depths
 51019 | Depths:5 | Noticed a juggernaut
 51038 | Depths:5 | Killed a juggernaut
 51064 | Depths:5 | Found a hide-covered altar of Uskayaw.
 51155 | Depths:5 | Found the +3 hat of Pondering {ponderous, Will+ MP+10
                  | Int+5}
 51179 | Depths:5 | Reached skill level 27 in Shields
 51558 | Depths:5 | Found a gate to the Realm of Zot.
 51689 | Zot:1    | Entered Level 1 of the Realm of Zot
 52389 | Zot:2    | Reached skill level 1 in Transmutations
 52394 | Zot:2    | Reached skill level 1 in Spellcasting
 53238 | Zot:3    | Reached XP level 27. HP: 255/255 MP: 2/34
 53490 | Zot:3    | Noticed an orb of fire
 53497 | Zot:3    | Killed an orb of fire
 53515 | Zot:3    | Reached skill level 5 in Transmutations
 53551 | Zot:3    | Reached skill level 5 in Spellcasting
 55696 | Zot:5    | Entered Level 5 of the Realm of Zot
 56292 | Zot:5    | Noticed a dread lich
 56311 | Zot:5    | Killed a dread lich
 56328 | Zot:5    | Noticed an ancient lich
 56328 | Zot:5    | Noticed an orb of fire
 56332 | Zot:5    | Noticed a dread lich
 56341 | Zot:5    | Killed a dread lich
 56346 | Zot:5    | Killed an ancient lich
 56363 | Zot:5    | Noticed a dread lich
 56365 | Zot:5    | Noticed a dread lich
 56375 | Zot:5    | Killed a dread lich
 56394 | Zot:5    | Killed a dread lich
 56549 | Zot:5    | Got the Orb of Zot
 56822 | Depths:2 | Noticed Miacil the pandemonium lord
 56839 | Depths:2 | Noticed Lerabbe the pandemonium lord
 56841 | Depths:2 | Killed Miacil the pandemonium lord
 56854 | Depths:2 | Killed Lerabbe the pandemonium lord
 57194 | D:2      | Noticed Qizauk the pandemonium lord
 57207 | D:2      | Killed Qizauk the pandemonium lord
 57285 | D:$      | Escaped with the Orb!

Illustrated notes

Levels and vault maps discovered:
D:1:      lemuel_arrival_muddy, layout_loops_ring, serial_shops, shop
D:2:      layout_rooms, hellmonk_ecumenical_altar_prayer_group, minmay_distorted
D:3:      minmay_skewed_foursquare, layout_basic, uniq_ijyb, uniq_terence,
          uniq_grinder
D:4:      layout_cave_pods, kennysheep_mini_moat, grunt_dithmenos_smoke,
          kennysheep_decorative_pillar, uniq_pikel, uniq_blork_the_orc
D:5:      layout_rooms, serial_shops, shop, nicolae_shop_crystal,
          shop_fountains, shop, shop, uniq_edmund
D:6:      layout_loops_ring, kennysheep_mini, sigmund_army
D:7:      layout_cave_pods, nicolae_hepliaklqana_hippocampus,
          minmay_temple_entry_statues, uniq_menkaure, uniq_maggie, uniq_harold
D:8:      layout_rooms
D:9:      layout_basic, general_overflow_altar, mainiacjoe_overflow_chevrons
D:10:     layout_stronghold, mainiacjoe_overflow_brackets,
          mainiacjoe_overflow_tiny_flanked, gammafunk_ghost_stat_death,
          trove_entry_hex_spiral
D:11:     layout_roguey, grunt_lair_entry_orc_guard_hut, enter_bailey_5,
          serial_curves, eino_curves_03, eino_curves_04, uniq_josephine
D:12:     layout_basic, david_orc_2, serial_park_tiny_1
D:13:     layout_irregular_city, skrybe_vaults_entry_preservation
D:14:     layout_loops_cross, uniq_rupert, uniq_snorg, uniq_louise
D:15:     grunt_enter_depths_snipers, layout_grid_maze, lemuel_nasty_fountain,
          uniq_kirke
Temple:   eino_narrow_crystal_temple
Lair:1:   layout_cave_pods, st_stairs_12, grunt_megastairs_5,
          minmay_lair_oklob_chamber, serial_bayou_shore_a, serial_bayou_shore_b
Lair:2:   layout_cave_pods, st_stairs_3, grunt_megastairs_2, uniq_erica,
          uniq_sonja
Lair:3:   layout_misc_corridors, dummy_spider_entry,
          ebering_ghost_funeral_grove, beast_lair_carwin_7, grunt_megastairs_4,
          infiniplex_staircase_pool, serial_bayou_shore_b
Lair:4:   layout_regular_city, nicolae_swamp_entry_splash_gauntlet,
          nicolae_volcano_entry_hallway, uniq_nessos
Lair:5:   layout_regular_city, dpeg_slime_entry_enclosed_altar
Lair:6:   due_jungle_book, layout_gridlike, grunt_forest_stairs_basic,
          lemuel_fruit_tree
Swamp:1:  layout_falls_marsh, nicolae_swamp_tree_designs, swamp_pool5,
          nicolae_swamp_nymph_family_reunion
Swamp:2:  layout_basic_swamp, evilmike_swamp_ruin_house_1, uniq_frances
Swamp:3:  layout_basic_swamp, evilmike_swamp_ruin_house_4, swamp_pool1,
          nicolae_swamp_treefoil, uniq_aizul
Swamp:4:  grunt_swamp_rune_castle, layout_basic_swamp,
          ebering_ghost_reflecting_pool
Spider:1: layout_chambers, worms_lemuel
Spider:2: layout_spider_delve
Spider:3: layout_spider_delve, portal_ice_cave_entry_frozen_things,
          ebering_ghost_reflecting_pool, hangedman_spider_tarantella_strand,
          nicolae_spider_cling_halls, uniq_arachne
Spider:4: spider_rune_water, nicolae_spider_stair_cavern, uniq_nikola
Orc:1:    layout_caves, lightli_orcish_oven, uniq_erolcha
Orc:2:    pf_orc_diabolical, layout_diamond_mine, serial_shops, shop,
          minmay_orc_barracks
Elf:1:    minmay_elf_arrival_plus, layout_rooms, serial_shops, shop,
          minmay_elf_demonology, uniq_donald
Elf:2:    elven_hall_of_blades_hangedman_alternative [nicolae_blade_tridents],
          layout_geoelf_grid
Elf:3:    elf_hall, layout_loops_cross, serial_shops, bzr_entry_safe,
          amcnicky_mini_pool_small, nrook_uturn
Vaults:1: dpeg_vaults_monster_box, vaults_mumra_chevron,
          ontoclasm_vaults_ring_small, v_misc_28,
          nicolae_vaults_stairing_the_circle, vaults_mumra_hexcomb, v_rooms_3,
          serial_ice_g, v_misc_15, layout_vaults_chaotic_city, uniq_saint_roka
Vaults:2: v_misc_18, minmay_crypt_entry_simple_plaza,
          ontoclasm_vaults_misaligned, nicolae_vaults_network_quinsquares
          [nicolae_vaults_network_quincunx_subvault,
          nicolae_vaults_network_quincunx_subvault,
          nicolae_vaults_network_quincunx_subvault,
          nicolae_vaults_network_quincunx_subvault],
          nicolae_vaults_little_squares_2, layout_vaults_omnigrid
Vaults:3: hangedman_vaults_variations, nicolae_vaults_sealed_display, v_misc_28,
          nicolae_vaults_little_squares_3, hangedman_vaults_trim,
          hangedman_vaults_snaps, vaults_room_fours, ontoclasm_vaults_hangar,
          vaults_dpeg_hooks, layout_vaults_omnicross, serial_shops, shop,
          nicolae_shop_window_shopping, nicolae_square_shop
Vaults:4: hangedman_vaults_locks, vaults_room_fancy_cross,
          ontoclasm_vaults_ring_square, v_misc_26, hangedman_vaults_restitches,
          v_misc_2, nicolae_vaults_mini_display_case, ontoclasm_vaults_eye,
          vaults_room_door_ring, vaults_mumra_chevron_long,
          layout_vaults_omnibox, uniq_boris
Vaults:5: serial_shops
Crypt:1:  layout_chaotic_city, st_stairs_6, grunt_ministairs_2,
          weyrava_ghost_lake
Crypt:2:  layout_gridlike
Crypt:3:  due_elkab, layout_chaotic_city, tomb_entry_forgotten_bobbens
Depths:1: layout_cave_pools, hell_entry, hangedman_decor_clover_reticule,
          kennysheep_small_square
Depths:2: minmay_the_grid_triangle_9x9_recursive_2
          [minmay_the_grid_triangle_9x9_prize_center,
          minmay_the_grid_triangle_9x9_cache,
          minmay_the_grid_triangle_9x9_swiss_cheese,
          minmay_the_grid_triangle_9x9_from_above], layout_long_grid,
          hell_entry, pan_entry, serial_shops, bzr_firewalk,
          nicolae_qazlal_general_emergency, infiniplex_staircase_spiral_double,
          uniq_asterion, uniq_bai_suzhen
Depths:3: cheibrodos_cascadia, layout_basic, hell_entry,
          nicolae_tso_swordbearing_angel, rand_demon_pan_entry_7,
          infiniplex_staircase_zigzag_1, minmay_shop_grove
Depths:4: nzn_winding_woodlands_stair_cross [nzn_winding_woodlands_5x15_eye,
          nzn_winding_woodlands_center_pierced_h,
          nzn_winding_woodlands_5x15_default,
          nzn_winding_woodlands_5x5_open_star,
          nzn_winding_woodlands_5x5_closed_star,
          nzn_winding_woodlands_5x15_crooked,
          nzn_winding_woodlands_center_lodge,
          nzn_winding_woodlands_5x15_pockets], layout_basic, enter_ziggurat_d,
          hangedman_abyss_entry_splay, hell_entry, nrook_kobold_shadow_demons
Depths:5: evilmike_zot_entry_basic, layout_cave_pools, grunt_metal_band,
          grunt_decor_cap, grunt_pan_entry_zigzag,
          eat_drink_and_be_merry_uskayaw, uniq_margery
Zot:1:    layout_misc_corridors
Zot:2:    layout_cathedral_of_symmetry
Zot:3:    kennysheep_ambush_hall, layout_basic
Zot:4:    layout_basic, zot_minivault_5
Zot:5:    layout_misc_corridors

Skill      XL: |  1  2  3  4  5  6  7  8  9 10 11 12 13 14 15 16 17 18 19 20 21 22 23 24 25 26 27 |
---------------+----------------------------------------------------------------------------------+-----
Shields        | 4 5 6 7 9 10 11 12 14 15 16 17 18 19 20 21 25 27 | 27.0
Fighting       | 4 5 6 7 10 11 12 14 15 16 17 18 19 20 21 22 26 | 26.0
Armour         | 4 5 6 7 9 10 11 12 13 14 15 16 17 18 19 | 19.1
Polearms       | 3 4 5 6 9 10 11 12 13 15 16 17 18 19 20 21 22 26 | 26.0
Dodging        | 1 2 3 5 6 7 9 10 12 13 14 15 16 17 18 19 20 21 | 21.1
Evocations     | 1 2 3 4 5 6 8 9 10 11 12 15 | 15.0
Invocations    | 2 4 5 8 10 11 12 13 14 16 | 16.0
Throwing       | 3 5 |  5.0
Transmutations | 3 7 |  7.0
Spellcasting   | 2 5 |  5.0

Action                   |  1- 3 |  4- 6 |  7- 9 | 10-12 | 13-15 | 16-18 | 19-21 | 22-24 | 25-27 || total
-------------------------+-------+-------+-------+-------+-------+-------+-------+-------+-------++-------
Melee: Trident           |    90 |   187 |   158 |   518 |  1085 |  1738 |  1535 |       |       ||  5311
       Headbutt          |    10 |    20 |    31 |   228 |   392 |   596 |   677 |   507 |   719 ||  3180
       Whip              |       |       |    12 |       |       |       |       |       |       ||    12
       Spear             |       |       |       |   320 |       |       |       |       |       ||   320
       Flail             |       |       |       |       |     8 |       |       |       |       ||     8
       Demon trident     |       |       |       |       |       |       |   237 |  1684 |  2129 ||  4050
Throw: Dart              |       |       |       |     6 |       |     7 |       |       |       ||    13
       Throwing net      |       |       |       |     1 |       |       |       |       |       ||     1
       Javelin           |       |       |       |       |       |       |       |    11 |       ||    11
 Cast: Wereblood         |       |       |       |       |       |       |       |       |    15 ||    15
Invok: Slouch            |       |       |       |       |     2 |    15 |     7 |     5 |     1 ||    30
       Bend Time         |       |       |       |       |       |       |     8 |     5 |     3 ||    16
Evoke: Wand              |       |     1 |       |     9 |    12 |    20 |     6 |       |     4 ||    52
       Box of beasts     |       |       |       |       |       |     1 |     1 |       |       ||     2
       Tin of tremorston |       |       |       |       |       |       |     1 |       |     1 ||     2
       Condenser vane    |       |       |       |       |       |       |       |     1 |       ||     1
  Use: Scroll            |       |     2 |       |    12 |     7 |     8 |    15 |     3 |    16 ||    63
       Potion            |       |       |     2 |     1 |       |     2 |       |       |     1 ||     6
 Stab: Sleeping          |       |       |       |     3 |       |       |       |       |       ||     3
       Paralysed         |       |       |       |     2 |     4 |     7 |       |     1 |       ||    14
       Petrified         |       |       |       |       |     7 |       |       |       |       ||     7
       Distracted        |       |       |       |       |       |     4 |     4 |     1 |     3 ||    12
       Confused          |       |       |       |       |       |       |       |       |     4 ||     4
Armor: Scale mail        |    30 |    59 |    41 |     7 |       |       |       |       |       ||   137
       Ring mail         |       |       |       |    26 |       |       |       |       |       ||    26
       Acid dragon scale |       |       |       |    71 |       |       |       |       |       ||    71
       Chain mail        |       |       |       |    28 |   170 |   393 |   193 |       |       ||   784
       Crystal plate arm |       |       |       |       |       |       |       |   387 |   186 ||   573
       Gold dragon scale |       |       |       |       |       |       |       |       |   152 ||   152
Dodge: Dodged            |    28 |    33 |    62 |   238 |   322 |   862 |   611 |   842 |   852 ||  3850
Block: Kite shield       |    48 |    68 |    98 |   374 |   626 |  1230 |  1002 |  1541 |  1720 ||  6707
